[Event "Live Chess"]
[Site "Chess.com"]
[Date "2024.06.02"]
[Round "-"]
[White "juniortay"]
[Black "Zhevzh1k7"]
[Result "1-0"]
[WhiteElo "2379"]
[BlackElo "1107"]
[TimeControl "300"]
[EndTime "3:02:00 PDT"]
[Termination "juniortay won by checkmate"]

1. e4 c6 2. Nf3 d5 3. exd5 cxd5 4.
Ne5 Nf6 5. d4 Nc6 6. Bb5 Bd7 7.
Nxd7 Nxd7 8. O-O a6 9. Bd3 e6 10. c3 Be7 11. Nd2 O-O 12. f4 Nf6 13. Qe2 Qc7 14. Nf3 Na5 15. Ne5 Nc4 16. Rf3 Nxe5 17. fxe5 Nd7 18. Rh3 h6 19. Bxh6 gxh6 20. Rxh6 Nxe5 21.
Qh5 Ng6 22. Bxg6 fxg6 23. Qxg6# 1-0

[Event "Live Chess"]
[Site "Chess.com"]
[Date "2024.06.02"]
[Round "-"]
[White "upoe610"]
[Black "Isambard_Thomas"]
[Result "0-1"]
[WhiteElo "2139"]
[BlackElo "2169"]
[TimeControl "300"]
[EndTime "3:02:03 PDT"]
[Termination "Isambard_Thomas won by checkmate"]

1. c4 Nf6 2. g3 e5 3. Bg2 Bc5 4. Nc3 c6 5. Nf3 d6 6. O-O O-O 7. e3 Bg4 8. a3 a5 9. d4 exd4 10. exd4 Bb6 11. Be3 Nbd7 12. h3 Bh5 13. b4 Re8 14. c5 dxc5 15. dxc5 Bc7 16. g4 Nxg4 17. hxg4 Bxg4 18. Qd4 Be6 19. Ng5 Be5 20. Qd3 Nf8 21. Qc2 Qf6 22. Nge4 Qg6 23. Rad1 axb4 24. axb4 Bh3 25.
f4 Bxc3 26. f5 Qxg2+ 27. Qxg2 Bxg2 28. Nxc3 Bxf1 29. Bd4 Bc4 30. Kf2 Ra3 31. Rg1 g6 32. Rg4 Rxc3 33. Bxc3 Re2+ 34. Kg1 Bd5 35. fxg6 Nxg6 36.
Rg3 Kf8 37. Bf6 Re6 38. Bd4 Ne5 39. Ra3 Nf3+ 40. Kf2 Nxd4 41. Ra8+ Kg7 42. Ra7 Re7 43. Kg3 Nc2 44. Kf4 Nxb4 45. Kg5 h6+ 46. Kh5 Nd3 47. Ra1 Nxc5 48. Rg1+ Kh7 49. Rf1 Re5+ 50. Kg4 Be6+ 51. Kh4 Ne4 52. Rb1 b5 53. Ra1 Bd5 54. Ra7 Kg6 55. Ra1 Rh5+ 56. Kg4 Rg5+ 57. Kf4 h5 58.
Ra8 Rg4+ 59. Ke5 Rg5+ 60. Kf4 Rf5+ 61. Ke3 h4 62. Rg8+ Kf6 63. Rh8 Ng5 64. Rxh4 Rf3+ 65.
Ke2 c5 66. Rh6+ Kf5 67. Rd6 Ke5 68. Rb6 b4 69. Rb8 c4 70. Re8+ Kf4 71. Rd8 Be4 72. Rd4 c3 73. Rxb4 c2 74. Kd2 Rf2+ 75. Kc1 Rf1+ 76. Kd2 c1=Q+ 77. Ke2 Re1+ 78. Kf2 Qe3# 0-1

[Event "Live Chess"]
[Site "Chess.com"]
[Date "2024.06.02"]
[Round "-"]
[White "JohanKjeldahl"]
[Black "GoldsmanB"]
[Result "1-0"]
[WhiteElo "1805"]
[BlackElo "1102"]
[TimeControl "300"]
[EndTime "3:02:07 PDT"]
[Termination "JohanKjeldahl won by resignation"]

1. e4 e6 2. d4 d5 3. Nd2 c5 4. Ngf3 Nc6 5. exd5 exd5 6. Bb5 Bd6 7. O-O Bd7 8. Re1+ Nge7 9. dxc5 Bxc5 10. Nb3 Bb6 11. Qxd5 O-O 12. Qg5 f6 13. Qg3 Nf5 14. Bc4+ Kh8 15. Qf4 g5 16. Qd2 Bc8 17. c3 Qxd2 18. Bxd2 Bd7 19. Bxg5 h6 20. Bd2 Rae8 21. Rad1 Na5 22. Nxa5 Bxa5 23. Bf4 Bc6 24. Rxe8 Rxe8 25. Bd3 Rd8 26. Bc2 Re8 27. Bxf5 1-0

[Event "Live Chess"]
[Site "Chess.com"]
[Date "2024.06.02"]
[Round "-"]
[White "Thebigsqueeze"]
[Black "wadsy27"]
[Result "0-1"]
[WhiteElo "2269"]
[BlackElo "2573"]
[TimeControl "300"]
[EndTime "3:02:20 PDT"]
[Termination "wadsy27 won by resignation"]

1. d4 d5 2. Nf3 Nf6 3. g3 c6 4. Bg2 Bf5 5. O-O h6 6. b3 e6 7. c4 Be7 8. Nc3 O-O 9. Bb2 Nbd7 10. Ne5 Nxe5 11. dxe5 Nd7 12. e4 dxe4 13. Nxe4 Nc5 14. Nd6 Bxd6 15. exd6 Nd3 16. Ba3 a5 17. Qe2 Nb4 18.
Rad1 Qd7 19. Rd2 c5 20. Rfd1 Ra6 21. Qe5 Rc8 22. Bb2 f6 23. Qe2 a4 24. Qf3 Nc6 25. g4 Bg6 26. h4 axb3 27. axb3 Rb6 28. Qe3 Na5 29. g5 Rxb3 30. Qf4 e5 31. Qh2 Nxc4 32.
Bd5+ Bf7 33. Bxc4 Bxc4 34. gxf6 Qg4+ 35. Qg2 Qxg2+ 36. Kxg2 gxf6 37. f4 Kf7 38. fxe5 fxe5 39. d7 Rd8 40. Bxe5 Be6 41. Bc7 Rxd7 42. Rxd7+ Bxd7 43. Rxd7+ Kg6 44. Bf4 c4 45. Rd6+ Kh5 46. Rxh6+ Kg4 47. Bg5 Rb2+ 48. Kf1 c3 49. Ke1 b5 50.
Rc6 b4 51. Rc4+ Kf3 52. h5 Rb1+ 0-1

[Event "Live Chess"]
[Site "Chess.com"]
[Date "2024.06.02"]
[Round "-"]
[White "Ninifu"]
[Black "defenderalist"]
[Result "1-0"]
[WhiteElo "2012"]
[BlackElo "1521"]
[TimeControl "300"]
[EndTime "3:02:27 PDT"]
[Termination "Ninifu won by resignation"]

1. d4 Nf6 2. c4 e6 3. Nc3 d5 4. cxd5 exd5 5. Bg5 Be7 6. e3 c6 7. Bd3 Be6 8. Nge2 h6 9. Bf4 Nbd7 10. h3 Nb6 11. b3 Qd7 12. O-O g5 13. Bh2 g4 14.
h4 Ne4 15. Nxe4 dxe4 16. Bxe4 Bxh4 17. Nf4 f5 18. Bd3 O-O-O 19. Ng6 Be7 20. Nxh8 Rxh8 21. a4 h5 22. a5 Nd5 23. a6 b6 24. Qc1 h4 25.
Be5 Bf6 26. Bb5 Nb4 27. Bxf6 Bd5 28. Bxh8 g3 29. f3 Qh7 30. e4 h3 31. Qg5 hxg2 32. Qxf5+ 1-0

[Event "Live Chess"]
[Site "Chess.com"]
[Date "2024.06.02"]
[Round "-"]
[White "Ferrarifan27"]
[Black "EnnisZ"]
[Result "1-0"]
[WhiteElo "2138"]
[BlackElo "877"]
[TimeControl "300"]
[EndTime "3:02:55 PDT"]
[Termination "Ferrarifan27 won by resignation"]

1. e4 c5 2. Nf3 Nc6 3. b4 cxb4 4. d4 d5 5. exd5 Qxd5 6. c4 Qe4+ 7. Be2 Bg4 8. O-O O-O-O 9. d5 e6 10. Nbd2 Qg6 11. dxc6 bxc6 12. Ne5 Bxe2 13. Nxg6 Bxd1 14. Nxh8 h5 15.
Rxd1 1-0

[Event "Live Chess"]
[Site "Chess.com"]
[Date "2024.06.02"]
[Round "-"]
[White "WorcesterYork"]
[Black "Duke_of_Bebington"]
[Result "1-0"]
[WhiteElo "2477"]
[BlackElo "1637"]
[TimeControl "300"]
[EndTime "3:03:26 PDT"]
[Termination "WorcesterYork won by resignation"]

1. e4 e5 2. Nc3 Nc6 3. Bc4 Nf6 4. d3 Be7 5. Nf3 O-O 6. h3 d6 7. a4 Be6 8. O-O Bxc4 9. dxc4 Nd4 10. Nxd4 exd4 11. Qxd4 Re8 12. a5 a6 13. Be3 Nd7 14.
Nd5 Bf6 15. Nxf6+ Nxf6 16. f3 Qd7 17. b4 Qc6 18. Qd3 Rad8 19. Rfd1 h6 20. Bd4 Nh5 21. b5 axb5 22. cxb5 Qd7 23. a6 Nf4 24. Qd2 Ne6 25. Bf2 Qxb5 26. Rdb1 Qc6 27. axb7 Rb8 28. Qd5 Qxd5 29. exd5 Nd8 30. Ra8 Nxb7 31. Rxb8 Rxb8 32. Ba7 Ra8 33. Rxb7 Kf8 34. Rb8+ Rxb8 35. Bxb8 1-0

[Event "Live Chess"]
[Site "Chess.com"]
[Date "2024.06.02"]
[Round "-"]
[White "TigerTank70"]
[Black "ameetghasi100"]
[Result "0-1"]
[WhiteElo "2221"]
[BlackElo "2773"]
[TimeControl "300"]
[EndTime "3:03:33 PDT"]
[Termination "ameetghasi100 won by resignation"]

1. e4 c5 2. d4 cxd4 3. c3 d6 4. Nf3 Nd7 5. cxd4 g6 6. Bc4 Bg7 7. Nc3 Nh6 8. h3 e6 9. O-O a6 10. Bg5 Qa5 11. Qd2 Ng8 12. Nd5 Qxd2 13. Nc7+ Kf8 14. Nxd2 Rb8 15. e5 dxe5 16. Bxe6 fxe6 17. Nxe6+ Kf7 18. d5 Ngf6 0-1

[Event "Live Chess"]
[Site "Chess.com"]
[Date "2024.06.02"]
[Round "-"]
[White "Cimon"]
[Black "defenderalist"]
[Result "1-0"]
[WhiteElo "1818"]
[BlackElo "1518"]
[TimeControl "300"]
[EndTime "3:03:36 PDT"]
[Termination "Cimon won by checkmate"]

1. d4 Nf6 2. Nf3 e6 3. Bf4 d5 4. e3 c5 5. c3 Nc6 6. Bd3 Bd6 7.
Bg3 Bxg3 8. hxg3 cxd4 9. exd4 O-O 10. Nbd2 a6 11. Qc2 b5 12. Bxh7+ Nxh7 13. Qxh7# 1-0

[Event "Live Chess"]
[Site "Chess.com"]
[Date "2024.06.02"]
[Round "-"]
[White "Brooms1989"]
[Black "booktrunk"]
[Result "1-0"]
[WhiteElo "1209"]
[BlackElo "1493"]
[TimeControl "300"]
[EndTime "3:03:39 PDT"]
[Termination "Brooms1989 won by checkmate"]

1. e4 b6 2. d4 Bb7 3. Nc3 e6 4. Bd3 h6 5. Nge2 Nf6 6. O-O Bb4 7. a3 Be7 8. Bf4 Nh5 9. Bg3 Nxg3 10. fxg3 d6 11. Nf4 Nd7 12. Qf3 e5 13. Ne6 f6 14. Nxd8 Kxd8 15. dxe5 dxe5 16. Nd5 Bd6 17. b4 a6 18. c4 c6 19. Nc3 a5 20. b5 cxb5 21. cxb5 Nc5 22. a4 Nb3 23. Rad1 Rf8 24. Nd5 Bc7 25. Nxc7 Kxc7 26. Qg4 Rf7 27. Qg6 Re7 28.
Bc4 Nd4 29. Rd2 Rf8 30. Rfd1 Rd8 31. Bd5 Bxd5 32. exd5 Rxd5 33. Rxd4 exd4 34. Qc2+ Rc5 35. Qf2 Rd7 36. Qf4+ Kc8 37. Rxd4 Rc1+ 38. Kf2 Rc2+ 39. Kf3 Rc3+ 40. Kg4 h5+ 41. Kxh5 Rc5+ 42. Kg6 Rg5+ 43. Qxg5 fxg5 44. Rxd7 Kxd7 45. Kxg7 Kd6 46. h4 Kc5 47. h5 Kb4 48. h6 Kxa4 49. h7 Kb4 50. h8=Q a4 51. Qa8 a3 52. Kg6 Kb3 53. Kxg5 Kb2 54.
Kf6 a2 55. Ke6 a1=Q 56. Qxa1+ Kxa1 57. Kd6 Kb2 58. Kc6 Kb3 59. Kxb6 Kb4 60. g4 Kc4 61. g5 Kd5 62. g6 Ke6 63. Kc7 Kf6 64. b6 Kxg6 65.
b7 Kg5 66. b8=Q Kg4 67. Qg8+ Kf4 68. g3+ Kf5 69. g4+ Kf4 70. g5 Kg4 71. g6 Kg5 72. g7 Kg6 73. Qf8 Kh7 74. g8=Q# 1-0

[Event "Live Chess"]
[Site "Chess.com"]
[Date "2024.06.02"]
[Round "-"]
[White "ZatixMajor"]
[Black "friarnator"]
[Result "1-0"]
[WhiteElo "2040"]
[BlackElo "2195"]
[TimeControl "300"]
[EndTime "3:03:42 PDT"]
[Termination "ZatixMajor won by checkmate"]

1. c4 Nf6 2. g3 c6 3. Nf3 d5 4.
Bg2 g6 5. O-O Bg7 6. d3 O-O 7. Bf4 Nbd7 8. Nc3 a6 9. cxd5 Nxd5 10.
Nxd5 cxd5 11. Qb3 e5 12. Bd2 Nc5 13. Qa3 Ne6 14. Rac1 Bd7 15. Bb4 Re8 16. Bd6 Bc6 17. Nxe5 Nd4 18. Nxc6 Nxe2+ 19. Kh1 bxc6 20. Rxc6 Nd4 21.
Rxa6 Rc8 22. Bxd5 Nb5 23. Bxf7+ Kh8 24. Qb4 Nxd6 25. Rxd6 Qe7 26. Bxe8 Rxe8 27. Rb6 Qe2 28. Rg1 Qf3+ 29. Rg2 Qd1+ 30. Rg1 Qxd3 31. Qf4 Qd5+ 32. f3 Rf8 33. Qe4 Qh5 34. Rb7 h6 35. Rc1 Rxf3 36.
Rc8+ Kh7 37. Rcc7 Rf1+ 38. Kg2 Rf2+ 39. Kxf2 Qxh2+ 40. Qg2 Qxg2+ 41. Kxg2 h5 42. Rxg7+ Kh6 43. Rh7+ Kg5 44. Rb5+ Kf6 45. Rb6+ Kg5 46. Rg7 Kf5 47. Rgxg6 Ke5 48. Rg5+ Ke4 49. Rxh5 Kd4 50. Rc6 Ke4 51. g4 Kd4 52. g5 Ke4 53. g6 Kd4 54. g7 Ke4 55.
g8=Q Kd3 56. Qd5+ Ke3 57. Re5+ Kf4 58. Qe4# 1-0

[Event "Live Chess"]
[Site "Chess.com"]
[Date "2024.06.02"]
[Round "-"]
[White "raimundklein"]
[Black "GwaryTek"]
[Result "0-1"]
[WhiteElo "1553"]
[BlackElo "1875"]
[TimeControl "300"]
[EndTime "3:03:46 PDT"]
[Termination "GwaryTek won by checkmate"]

1. e4 d5 2. exd5 Nf6 3. c4 c6 4.
dxc6 Nxc6 5. Nc3 e5 6. Nf3 e4 7. Ng5 Bf5 8. h4 h6 9. Nh3 Bc5 10. Be2 Qe7 11. O-O O-O-O 12. g4 Bg6 13. Nf4 Qe5 14.
Nxg6 fxg6 15. Kg2 Nd4 16. f4 exf3+ 17. Bxf3 Bd6 18. Be2 Qg3+ 19. Kh1 Qh2# 0-1

[Event "Live Chess"]
[Site "Chess.com"]
[Date "2024.06.02"]
[Round "-"]
[White "halfberg"]
[Black "PatientChessPapa"]
[Result "1-0"]
[WhiteElo "1897"]
[BlackElo "797"]
[TimeControl "300"]
[EndTime "3:04:01 PDT"]
[Termination "halfberg won by checkmate"]

1. e4 d5 2. exd5 Nf6 3. d4 Qxd5 4. Nf3 Bg4 5. Be2 Nc6 6. c4 Qh5 7. Be3 O-O-O 8. Nbd2 e5 9. d5 e4 10. dxc6 exf3 11. cxb7+ Kb8 12. Qa4 fxe2 13. Qxa7# 1-0

[Event "Live Chess"]
[Site "Chess.com"]
[Date "2024.06.02"]
[Round "-"]
[White "Ferrarifan27"]
[Black "Kyrylo7770"]
[Result "1-0"]
[WhiteElo "2139"]
[BlackElo "1618"]
[TimeControl "300"]
[EndTime "3:04:42 PDT"]
[Termination "Ferrarifan27 won by checkmate"]

1. e4 c6 2. d4 d5 3. e5 e6 4.
Nf3 Ne7 5. Bd3 Ng6 6. O-O c5 7.
c3 Nc6 8. a3 cxd4 9. cxd4 Be7 10.
b4 O-O 11. Nc3 Nh4 12. Nxh4 Bxh4 13. Be3 Bg5 14. Rc1 a6 15. Qh5 Bxe3 16. Qxh7# 1-0

[Event "Live Chess"]
[Site "Chess.com"]
[Date "2024.06.02"]
[Round "-"]
[White "Pandreq"]
[Black "Ocelot32"]
[Result "1-0"]
[WhiteElo "1220"]
[BlackElo "1352"]
[TimeControl "300"]
[EndTime "3:04:48 PDT"]
[Termination "Pandreq won by resignation"]

1. d4 Nf6 2. c4 e6 3. Nc3 d5 4. cxd5 exd5 5. Nf3 c6 6. Bf4 Bd6 7. Bxd6 Qxd6 8. e3 O-O 9. Bd3 Bg4 10. O-O Nbd7 11. Bc2 Rfe8 12. h3 Bh5 13. Re1 Re7 14.
e4 dxe4 15. Nxe4 Nxe4 16. Rxe4 Rae8 17. Rxe7 Rxe7 18. Qd3 Bg6 19. Qd2 Bxc2 20. Qxc2 Nf6 21. Ne5 Nd5 22. Rd1 Qf6 23. Nf3 g6 24. Qd2 Nf4 25. Re1 Rxe1+ 26. Qxe1 Ne6 27. Qe3 Qf5 28. a3 Qb1+ 29. Kh2 Qxb2 30. g3 Qc2 31. Kg2 Qc4 32.
Qe5 Qa4 33. Qb8+ Kg7 34. Qe5+ Kg8 35. Qb8+ Kg7 36. Qe5+ Kh6 37. g4 Qb5 38. g5+ Kh5 39.
Qg3 1-0

[Event "Live Chess"]
[Site "Chess.com"]
[Date "2024.06.02"]
[Round "-"]
[White "JohanKjeldahl"]
[Black "wadsy27"]
[Result "0-1"]
[WhiteElo "1805"]
[BlackElo "2573"]
[TimeControl "300"]
[EndTime "3:04:49 PDT"]
[Termination "wadsy27 won by resignation"]

1. c4 Nf6 2. Nc3 e5 3. Nf3 e4 4.
Ng5 c6 5. Ngxe4 Nxe4 6. Nxe4 d5 7.
cxd5 cxd5 8. Nc3 d4 9. Ne4 Nc6 10. d3 Bb4+ 11. Bd2 Be7 12. g3 f5 13. Bg2 fxe4 14.
Bxe4 O-O 15. O-O Kh8 16. a3 Bf5 17. Bg2 Qd7 18. b4 Bh3 19. Qb3 Rf6 20. Rac1 Bxg2 21. Kxg2 a6 22. h4 Raf8 23. Bg5 Rf5 24. Bxe7 Qxe7 25. Qc4 Qxe2 26. Rce1 Rxf2+ 0-1

[Event "Live Chess"]
[Site "Chess.com"]
[Date "2024.06.02"]
[Round "-"]
[White "bill77678"]
[Black "resipsa6"]
[Result "0-1"]
[WhiteElo "1839"]
[BlackElo "2034"]
[TimeControl "300"]
[EndTime "3:04:52 PDT"]
[Termination "resipsa6 won by resignation"]

1. e4 e5 2. Nf3 Nf6 3. Nxe5 d6 4.
Nf3 Nxe4 5. Nc3 Nxc3 6. dxc3 Be7 7. Be3 O-O 8. Qd2 Be6 9. Bd3 Nc6 10. O-O-O Ne5 11.
Nxe5 dxe5 12. Kb1 c6 13. h3 Qa5 14. b3 Rad8 15. Qe2 Bf6 16. g4 e4 17. Bc4 Bxc3 18.
Bxe6 fxe6 19. h4 Qa3 20. Bc1 Qc5 21. Be3 Qa3 22. Bc1 Qb4 23. Qxe4 0-1

[Event "Live Chess"]
[Site "Chess.com"]
[Date "2024.06.02"]
[Round "-"]
[White "WeakOldFinished"]
[Black "Queensandpawns"]
[Result "1-0"]
[WhiteElo "2138"]
[BlackElo "2253"]
[TimeControl "300"]
[EndTime "3:04:52 PDT"]
[Termination "WeakOldFinished won by checkmate"]

1. d4 e5 2. dxe5 Nc6 3. Nf3 Qe7 4. Bf4 Qb4+ 5. Bd2 Qxb2 6. Nc3 Nb4 7. Nd4 Na6 8. Rb1 Qa3 9. Ndb5 Qe7 10. Nd5 Qd8 11. e4 c6 12. Nd4 cxd5 13. Bxa6 bxa6 14. exd5 Bc5 15. Nf5 g6 16. Qg4 d6 17. e6 fxe6 18.
dxe6 gxf5 19. Qh5+ Ke7 20. Qf7# 1-0

[Event "Live Chess"]
[Site "Chess.com"]
[Date "2024.06.02"]
[Round "-"]
[White "Bradfield133"]
[Black "seasidecastle27"]
[Result "0-1"]
[WhiteElo "1869"]
[BlackElo "1930"]
[TimeControl "300"]
[EndTime "3:05:00 PDT"]
[Termination "seasidecastle27 won by resignation"]

1. c4 e6 2. e4 d5 3. exd5 exd5 4. d4 Nf6 5. Nc3 Be7 6. Nf3 O-O 7.
Bd3 Bg4 8. Be3 dxc4 9. Bxc4 Nbd7 10. O-O Nb6 11. Bb3 c6 12. h3 Bh5 13. g4 Bg6 14.
Ne5 Nfd5 15. Qf3 Bf6 16. Rad1 a5 17. a4 Nxc3 18. bxc3 Nd5 19. Bd2 Qd6 20. Nc4 Qd7 21. Nxa5 Rxa5 22. c4 Raa8 23. cxd5 cxd5 24. Bxd5 Rxa4 25.
Bxb7 Rxd4 26. Be3 Rxd1 27. Rxd1 Qa4 28. Bc5 Rb8 29. Bd6 Rxb7 30. Qxb7 Qxd1+ 31. Kg2 Qxd6 32. Qc8+ Bd8 0-1

[Event "Live Chess"]
[Site "Chess.com"]
[Date "2024.06.02"]
[Round "-"]
[White "peteopeteo"]
[Black "elis06"]
[Result "0-1"]
[WhiteElo "1547"]
[BlackElo "2292"]
[TimeControl "300"]
[EndTime "3:05:23 PDT"]
[Termination "elis06 won by resignation"]

1. e4 c6 2. Nc3 d5 3. Nf3 dxe4 4. Nxe4 Nd7 5. Bc4 e6 6. Qe2 Be7 7. d3 Ngf6 8. Nfg5 Ne5 9. Bb3 Nxe4 10. Nxe4 O-O 11.
f4 Ng6 12. O-O a5 13. a4 b6 14. c3 Bb7 15. d4 c5 16. Kh1 cxd4 17. Rd1 Qc7 18. Rxd4 Rad8 19. Bc2 Rxd4 20. cxd4 Rd8 21. Be3 Nxf4 22. Bxf4 Qxf4 23. Qd3 Bxe4 24. Qxe4 Qxe4 25. Bxe4 Rxd4 26. Rc1 Rxe4 27. Rc8+ Bf8 0-1

[Event "Live Chess"]
[Site "Chess.com"]
[Date "2024.06.02"]
[Round "-"]
[White "missedJariChance"]
[Black "AlanBstard10"]
[Result "1/2-1/2"]
[WhiteElo "1356"]
[BlackElo "1226"]
[TimeControl "300"]
[EndTime "3:05:24 PDT"]
[Termination "Game drawn by repetition"]

1. b3 Nf6 2. Bb2 g6 3. Nf3 Bg7 4. e3 O-O 5. Be2 d6 6. O-O Bd7 7. c4 Nc6 8. Nc3 e5 9. d4 exd4 10. exd4 Re8 11. Re1 Bg4 12. d5 Ne5 13. Nxe5 Bxe2 14.
Rxe2 Rxe5 15. Nb5 Rxe2 16. Qxe2 a6 17. Nd4 Nd7 18. Re1 Ne5 19. h3 h6 20. Nf3 Nxf3+ 21. gxf3 Bxb2 22. Qxb2 Qg5+ 23. Kh2 Qf4+ 24. Kg2 Qg5+ 25.
Kh2 Qf4+ 26. Kg2 Qg5+ 27. Kh2 1/2-1/2

[Event "Live Chess"]
[Site "Chess.com"]
[Date "2024.06.02"]
[Round "-"]
[White "yarek"]
[Black "KeithArkell"]
[Result "0-1"]
[WhiteElo "1757"]
[BlackElo "2417"]
[TimeControl "300"]
[EndTime "3:05:27 PDT"]
[Termination "KeithArkell won on time"]

1. e4 c6 2. d4 d5 3. exd5 cxd5 4. Bd3 Nf6 5. c3 Nc6 6. h3 g6 7. Nf3 Bf5 8. Bxf5 gxf5 9. Bf4 e6 10. Ne5 Rg8 11. O-O Bd6 12. Qa4 Qc7 13. Nxc6 bxc6 14. Bxd6 Qxd6 15. Nd2 Kf8 16. Nf3 Kg7 17. Ne5 c5 18.
Qd1 Raf8 19. f4 Kh8 20. Qf3 Rg7 21. Rf2 cxd4 22. cxd4 Ne4 23. Rc2 f6 24. Nd3 Rfg8 25. Rac1 Rg3 26. Qh5 Qf8 27. Ne1 Qg7 28. Re2 Qg6 29.
Qxg6 R3xg6 30. Rc7 R6g7 31. Rec2 h5 32. b4 a6 33. a4 Rxc7 34. Rxc7 Rb8 35. b5 axb5 36. axb5 Rxb5 37. Rc6 Rb1 38. Kf1 Nd2+ 39. Ke2 Nb3 40. Rc7 Nxd4+ 41. Kd3 Rxe1 42. Kxd4 Re4+ 0-1

[Event "Live Chess"]
[Site "Chess.com"]
[Date "2024.06.02"]
[Round "-"]
[White "Vladyslav2008"]
[Black "MagnersCarlsberg2870"]
[Result "1-0"]
[WhiteElo "2270"]
[BlackElo "1789"]
[TimeControl "300"]
[EndTime "3:05:50 PDT"]
[Termination "Vladyslav2008 won by resignation"]

1. d4 Nf6 2. Nf3 b6 3. c4 Bb7 4.
g3 e6 5. Bg2 Bb4+ 6. Nbd2 O-O 7. O-O d6 8. Nb1 d5 9. a3 Be7 10. Qc2 Nbd7 11. cxd5 exd5 12. b4 Ne4 13. Nc3 f5 14.
Bf4 Bd6 15. Ne5 g5 16. Nxd7 gxf4 17. Nxf8 Qxf8 18. Qb3 Nd2 19. Bxd5+ Kh8 20. Qa2 Bxd5 21. Qxd2 Bb7 22. Nb5 Qg7 23. Nxd6 cxd6 24. Qxf4 Be4 25. f3 Qxd4+ 26. e3 1-0

[Event "Live Chess"]
[Site "Chess.com"]
[Date "2024.06.02"]
[Round "-"]
[White "GoldsmanB"]
[Black "Thebigsqueeze"]
[Result "0-1"]
[WhiteElo "1102"]
[BlackElo "2269"]
[TimeControl "300"]
[EndTime "3:05:50 PDT"]
[Termination "Thebigsqueeze won by resignation"]

1. d4 Nf6 2. c4 c5 3. d5 b5 4. cxb5 a6 5. bxa6 d6 6. Nc3 g6 7. e4 Bg7 8. f3 O-O 9. Bg5 Nxa6 10. Bd3 Nc7 11. Nge2 Ba6 12. Bxa6 Rxa6 13. O-O Qb8 14. b3 Qb4 15. Bd2 Nd7 16. Na4 Qb7 17. Rc1 Nb5 18.
Nec3 Nd4 19. Be3 Rfa8 20. Bxd4 cxd4 21. Ne2 Nb6 22. Nxb6 Qxb6 23. Qc2 d3+ 0-1

[Event "Live Chess"]
[Site "Chess.com"]
[Date "2024.06.02"]
[Round "-"]
[White "aleksl1977"]
[Black "Ninifu"]
[Result "0-1"]
[WhiteElo "1319"]
[BlackElo "2012"]
[TimeControl "300"]
[EndTime "3:06:10 PDT"]
[Termination "Ninifu won by resignation"]

1. e4 d5 2. exd5 Nf6 3. Nf3 Bg4 4. d4 Qxd5 5. Be2 Nc6 6. c4 Qf5 7. O-O O-O-O 8. d5 e6 9. Qd3 Qxd3 10. Bxd3 exd5 11. cxd5 Nxd5 12. Bg5 f6 13. Bh4 Bc5 14. Nbd2 Nf4 15. Bc4 Rhe8 16. Bg3 Ne2+ 17. Kh1 Nxg3+ 18. hxg3 Nd4 19. Nxd4 Rxd4 20. Nf3 Bxf3 21. gxf3 Rxc4 0-1

[Event "Live Chess"]
[Site "Chess.com"]
[Date "2024.06.02"]
[Round "-"]
[White "Larchikov"]
[Black "JanMur7"]
[Result "0-1"]
[WhiteElo "2051"]
[BlackElo "2272"]
[TimeControl "300"]
[EndTime "3:06:40 PDT"]
[Termination "JanMur7 won by resignation"]

1. d4 Nf6 2. c4 a6 3. Nc3 b5 4.
cxb5 axb5 5. e4 b4 6. Nd5 Nxe4 7. Qf3 c6 8. Qxe4 cxd5 9. Qxd5 Nc6 10. Nf3 e6 11.
Qh5 d5 12. Bd3 g6 13. Qg5 Qxg5 14. Bxg5 Bg7 15. Be3 Ba6 16. Kd2 O-O 17. Rhc1 Na5 18.
Ne5 Bxe5 19. dxe5 Bxd3 20. Kxd3 Nc4 21. Bd4 Rfc8 22. f4 Na5 23. b3 Nb7 24. Rxc8+ Rxc8 25.
Kd2 Na5 26. Bb6 Nc6 27. Rc1 Kf8 28. Bc5+ Ke8 29. Bxb4 Kd7 30. Bc3 Ra8 31. a4 d4 32.
Bb2 Na5 33. Kc2 Rc8+ 34. Kd3 Rxc1 35. Bxc1 Nxb3 36. Bb2 Nc5+ 37. Kxd4 Nxa4 38. g3 Kc6 39. Ba3 h5 40. Be7 Nb6 41. Ba3 Nd5 42. Bc1 Nb4 43.
Bd2 Na6 44. Bc3 Kb5 45. Bd2 Nc5 46. Bc3 Na4 47. Bd2 Nb6 48. Bc1 Nc4 49. Kc3 Kc5 50.
Kd3 Kd5 51. h3 Kc5 52. g4 hxg4 53. hxg4 Kd5 54. g5 Kc5 55. Ke4 Na5 56. Be3+ Kc4 57. Bb6 Nb3 58. Be3 Kc3 59. Bb6 Nd2+ 60. Ke3 Nc4+ 0-1

[Event "Live Chess"]
[Site "Chess.com"]
[Date "2024.06.02"]
[Round "-"]
[White "Crowded_House"]
[Black "StoreySniper"]
[Result "0-1"]
[WhiteElo "1666"]
[BlackElo "2524"]
[TimeControl "300"]
[EndTime "3:06:51 PDT"]
[Termination "StoreySniper won by resignation"]

1. d4 g6 2. Bg5 Bg7 3. c3 h6 4.
Bh4 Nf6 5. e3 d6 6. Bd3 c5 7. dxc5 dxc5 8. Bc2 Qxd1+ 9. Bxd1 Nc6 10. Nf3 g5 11. Bg3 Ne4 12. Nbd2 Nxg3 13. hxg3 Bf5 14.
O-O O-O-O 15. Rc1 g4 16. Nh4 Bd3 17. Re1 h5 18. Nb3 b6 19. Be2 e6 20. Bxd3 Rxd3 21. Rcd1 Rhd8 22. Rxd3 Rxd3 23. Kf1 c4 24. Na1 b5 25.
Ke2 b4 26. cxb4 Bxb2 27. Nc2 Bc3 28. Rd1 Rxd1 29. Kxd1 Bxb4 30. Nxb4 Nxb4 31. a3 Nd3 32. Ke2 Kc7 33. f3 Kc6 34. fxg4 hxg4 35. Kd2 Kc5 36. Kc3 Nf2 0-1

[Event "Live Chess"]
[Site "Chess.com"]
[Date "2024.06.02"]
[Round "-"]
[White "Queensandpawns"]
[Black "resipsa6"]
[Result "1-0"]
[WhiteElo "2257"]
[BlackElo "2030"]
[TimeControl "300"]
[EndTime "3:06:58 PDT"]
[Termination "Queensandpawns won by checkmate"]

1. e4 e5 2. d4 exd4 3. c3 dxc3 4. Bc4 Nc6 5. Nf3 Na5 6. Bxf7+ Kxf7 7. Qd5+ Ke8 8.
Qxa5 c2 9. Nc3 b6 10. Qd5 Ba6 11. Bg5 Be7 12. Ne5 Nh6 13. Bxh6 Rf8 14. Bxg7 Rf4 15. g3 c6 16. Qg8+ Rf8 17. Bxf8 Bxf8 18. Qf7# 1-0

[Event "Live Chess"]
[Site "Chess.com"]
[Date "2024.06.02"]
[Round "-"]
[White "NomisY"]
[Black "ACM42"]
[Result "0-1"]
[WhiteElo "2266"]
[BlackElo "2164"]
[TimeControl "300"]
[EndTime "3:06:59 PDT"]
[Termination "ACM42 won on time"]

1. d4 Nf6 2. c4 g6 3. Nc3 Bg7 4. e4 O-O 5. Be3 c6 6. e5 Ne8 7.
h4 d6 8. h5 dxe5 9. dxe5 Qxd1+ 10. Rxd1 Bxe5 11. hxg6 hxg6 12. Nf3 Bg7 13. Bg5 Nf6 14.
Be2 Na6 15. Rh4 Bf5 16. Kf1 Rad8 17. Rhd4 Rxd4 18. Nxd4 Bc8 19. Nb3 e5 20. Be3 b6 21.
c5 Nd7 22. Rxd7 Bxd7 23. Bxa6 Rb8 24. Be2 f5 25. Bc4+ Kh7 26. a4 Bf6 27. g3 Kg7 28. Ke2 g5 29. f3 Be8 30. cxb6 axb6 31. g4 Bd7 32. gxf5 Bxf5 33. Bd3 Be6 34. Nd2 g4 35.
Be4 c5 36. fxg4 Bxg4+ 37. Kd3 Be6 38. Nb5 Kf7 39. Nc7 Bd7 40. b3 Be7 41. Nd5 Bh4 42. Nc4 Bf6 43. Ncxb6 Be6 44. a5 Bxd5 45. Bxd5+ Ke7 46.
Kc4 Kd6 47. Bxc5+ Kc7 48. Bf2 Be7 49. Bg3 Bd6 50. Be4 Rg8 51. Nd5+ Kb8 52. Bf2 Rc8+ 53. Kb5 Rc1 0-1

[Event "Live Chess"]
[Site "Chess.com"]
[Date "2024.06.02"]
[Round "-"]
[White "Zhevzh1k7"]
[Black "Isambard_Thomas"]
[Result "0-1"]
[WhiteElo "1107"]
[BlackElo "2169"]
[TimeControl "300"]
[EndTime "3:07:02 PDT"]
[Termination "Isambard_Thomas won by resignation"]

1. e4 Nc6 2. Nf3 d5 3. exd5 Qxd5 4. Nc3 Qh5 5. Be2 Bg4 6. h3 Nf6 7. d3 O-O-O 8. Be3 e6 9. Kd2 Bb4 10. hxg4 Qxg4 11. Rh4 Qf5 12. Rf4 Qa5 13. a3 Bxc3+ 14. bxc3 Nd5 15. Rc4 Nxe3 16. fxe3 Qd5 17. Rh4 h5 18. e4 Qc5 19. d4 g5 20. Ke1 Qxc3+ 21. Nd2 gxh4 0-1